 Dungeon Crawl Stone Soup version 0.18.1-48-g4cf74bf (webtiles) character file.

207 shimson the Bolt Thrower (level 5, -3/44 HPs)
             Began as a Centaur Hunter on July 12, 2016.
             Was a Follower of Qazlal.
             Slain by a gnoll
             ... wielding a +0 spear of distortion
              (4 damage)
             ... on level 3 of the Dungeon.
             The game lasted 00:27:03 (3038 turns).

shimson the Bolt Thrower (Centaur Hunter)           Turns: 3038, Time: 00:27:04

Health: -3/44      AC:  5    Str: 14    XL:     5   Next: 54%
Magic:  5/5        EV:  9    Int: 10    God:    Qazlal [*.....]
Gold:   129        SH:  2    Dex: 11    Spells: 0 memorised, 4 levels left

rFire  . . .     SeeInvis .     a - +1 hand crossbow
rCold  . . .     Gourm    .     m - +0 ring mail
rNeg   . . .     Faith    .     (no shield)
rPois  .         Spirit   .     (no helmet)
rElec  .         Dismiss  .     (no cloak)
rCorr  .         Reflect  .     (no gloves)
SustAt .         Harm     .     (no barding)
MR     .....                    (no amulet)
Stlth  ..........               (no ring)
                                (no ring)

@: very quick, not resistant to hostile enchantments, extremely unstealthy
A: hooves 3, deformed body, speed 2, tough skin 3
a: Renounce Religion


You were on level 3 of the Dungeon.
You worshipped Qazlal.
Qazlal was aware of your devotion.
You were not hungry.

You visited 1 branch of the dungeon, and saw 3 of its levels.

You collected 129 gold pieces.

Inventory:

Hand Weapons
 a - a +1 hand crossbow (weapon)
 b - a +0 spear of freezing
Missiles
 d - 16 bolts (quivered)
Armour
 c - a +0 leather armour
 g - a +0 chain mail
 m - a +0 ring mail (worn)
 p - a +0 pair of boots
Jewellery
 i - a cursed ring of teleportation
Wands
 o - a wand of enslavement (22/24)
Scrolls
 e - a scroll of fog
 f - 2 scrolls of remove curse
 h - 2 scrolls of identify
 j - a scroll of teleportation
 k - 2 scrolls of immolation
Books
 n - a Young Poisoner's Handbook

   Spells                             Type                      Level
   a - Sting                          Conjuration/Poison           1
   b - Cure Poison                    Poison                       2
   c - Mephitic Cloud                 Conjuration/Poison/Air       3
   d - Olgreb's Toxic Radiance        Poison                       4
   e - Venom Bolt                     Conjuration/Poison           5
Comestibles
 l - a bread ration


   Skills:
 + Level 2.8 Fighting
   Level 0.1 Short Blades
 + Level 0.8 Polearms
 + Level 5.9 Crossbows
 + Level 1.3 Armour
 + Level 2.1 Dodging
 + Level 0.8 Stealth


You had 4 spell levels left.
You didn't know any spells.

Dungeon Overview and Level Annotations

Branches:
Dungeon (3/15)

Altars:
Okawaru
Qazlal
Ru
Zin


Innate Abilities, Weirdness & Mutations

You have hooves in place of feet.
Armour fits poorly on your strangely shaped body.
You cover ground very quickly.
You have extremely tough skin (AC +3).


Message History

The gnoll barely misses you.
Things that are here:
a whip; a gnoll corpse Firing (i - inventory):
d - 18 bolts (quivered)
Press: ? - help, Shift-Dir - straight line, f/p - gnoll
Aim: a gnoll, wielding a spear of distortion You shoot a bolt.
The bolt barely misses the gnoll.
The gnoll hits you from afar with a spear of distortion.
* * * LOW HITPOINT WARNING * * *
Space bends around you.
* * * LOW HITPOINT WARNING * * *
Firing (i - inventory):
d - 17 bolts (quivered)
Press: ? - help, Shift-Dir - straight line, f/p - gnoll
Aim: a gnoll, wielding a spear of distortion You shoot a bolt.
The bolt hits the gnoll!
The gnoll is severely wounded.
The gnoll hits you from afar with a spear of distortion.
* * * LOW HITPOINT WARNING * * *
Space bends around you.
You die...

####.#...###(......(.###.#.#.###.
.....#......(....[....(..#.#.###.
....########§....(.......#.#...#.
........####......(......#.###.#.
....###.....#######...)..#.###.#.
............#######(...........#.
....###.....#....##........#####.
....# #.....#....##............#.
###.# #.....#...@.g..###.....#.##
#.# #.....#..§.##### #.....#.##
#.# #.....#....# #....(.... #>#
#######...[# #....##.#. ..#
#....#######........<
#.............#.....)
#....########.#####.. #....#
#........ ###### #########


You could see a gnoll.

Vanquished Creatures
  Ijyb (D:2)
  An orc wizard (D:3)
  4 gnolls
  5 adders
  A worm (D:2)
  A dart slug (D:3)
  3 giant geckos
  4 orcs (D:3)
  5 bats
  5 giant cockroaches
  10 goblins
  8 hobgoblins
  3 giant newts (D:1)
  8 kobolds
  7 rats
  A plant (D:1)
67 creatures vanquished.

Vanquished Creatures (others)
  A rat (D:2)
1 creature vanquished.

Grand Total: 68 creatures vanquished

Notes
Turn   | Place    | Note
--------------------------------------------------------------
     0 | D:1      | shimson the Centaur Hunter began the quest for the Orb.
     0 | D:1      | Reached XP level 1. HP: 17/17 MP: 1/1
   419 | D:1      | Reached XP level 2. HP: 14/24 MP: 2/2
   659 | D:1      | Reached skill level 5 in Crossbows
   659 | D:1      | Reached XP level 3. HP: 9/29 MP: 3/3
  1035 | D:2      | Found a stormy altar of Qazlal.
  1045 | D:2      | Became a worshipper of Qazlal Stormbringer
  1076 | D:2      | Found an iron altar of Okawaru.
  1203 | D:2      | Found a glowing silver altar of Zin.
  1226 | D:2      | Noticed Ijyb
  1251 | D:2      | Killed Ijyb
  1251 | D:2      | Reached skill level 1 in Armour
  1251 | D:2      | Reached XP level 4. HP: 21/36 MP: 4/4
  1903 | D:2      | Reached * piety under Qazlal
  2089 | D:3      | Reached XP level 5. HP: 16/42 MP: 5/5
  2755 | D:3      | Found a sacrificial altar of Ru.
  3038 | D:3      | HP: 1/44 [gnoll/spear of distortion (3)]
  3038 | D:3      | Slain by a gnoll

Skill      XL: |  1  2  3  4  5 |
---------------+----------------+-----
Crossbows      | 5 |  5.9
Armour         | 1 |  1.3
Dodging        | 2 |  2.1
Fighting       | |  2.8
Short Blades   | |  0.1
Polearms       | |  0.8
Stealth        | |  0.8

Action                   |  1- 3 |  4- 6 || total
-------------------------+-------+-------++-------
Melee: Short sword       |   126 |       ||   126
       Kick              |    49 |    21 ||    70
       Spear             |     4 |    90 ||    94
 Fire: Hand crossbow     |    37 |    74 ||   111
  Use: Scroll            |     3 |     4 ||     7
  Eat: Bread ration      |       |     1 ||     1
       Pizza             |       |     1 ||     1
Armor: Leather armour    |    41 |    22 ||    63
       Ring mail         |       |    13 ||    13
Dodge: Dodged            |    53 |    53 ||   106
Block: Other             |       |     4 ||     4
